 Dungeon Crawl Stone Soup version 0.18-a0-1789-gbeff17f (webtiles) character file.

198 macross the Conjurer (level 5, -1/39 HPs)
             Began as a Demigod Conjurer on Apr 21, 2016.
             Killed from afar by an orc wizard (7 damage)
             ... with a magic dart
             ... on level 3 of the Dungeon.
             The game lasted 00:20:23 (5060 turns).

macross the Conjurer (Demigod Conjurer)             Turns: 5060, Time: 00:20:24

Health: -1/39      AC:  3    Str: 11    XL:     5   Next: 22%
Magic:  12/12      EV:  8    Int: 21    God:
Gold:   230        SH:  0    Dex: 20    Spells: 3 memorised, 2 levels left

rFire  . . .     SeeInvis .     p - +0 war axe
rCold  + . .     Gourm    .     A - +0 robe
rNeg   . . .     Faith    .     (no shield)
rPois  .         Spirit   .     (no helmet)
rElec  .         Dismiss  .     (no cloak)
rCorr  .         Reflect  .     (no gloves)
SustAt +         Harm     .     a - +0 pair of boots
MR     .....                    (no amulet)
Stlth  ++........               g - +4 ring of dexterity
                                q - ring of protection from cold

@: not resistant to hostile enchantments, unstealthy
A: high mp 1, sustain attributes
a: no special abilities


You were on level 3 of the Dungeon.
You were not hungry.

You visited 1 branch of the dungeon, and saw 4 of its levels.

You collected 230 gold pieces.

Inventory:

Hand Weapons
 p - a +0 war axe (weapon)
Missiles
 c - 127 stones (quivered)
Armour
 a - a +0 pair of boots (worn)
 A - a +0 robe (worn)
Jewellery
 g - a +4 ring of dexterity (right hand)
 q - a ring of protection from cold (left hand)
Scrolls
 d - a scroll of teleportation
 f - a scroll of immolation
 i - a scroll of enchant weapon {unknown}
 j - a scroll of fog {unknown}
 k - a scroll of noise {unknown}
 l - a scroll of blinking {unknown}
 u - a scroll of magic mapping {unknown}
 v - a scroll of identify
 y - 3 scrolls of remove curse
Potions
 e - a potion of curing
 h - a potion of magic
 m - a potion of might {unknown}
 o - 2 potions of lignification
 r - a potion of cancellation
 t - a potion of agility {unknown}
 w - 2 potions of heal wounds
 x - a potion of brilliance {unknown}
 z - a potion of ambrosia {unknown}
Books
 b - a book of Conjurations

   Spells                             Type                      Level
   a - Magic Dart                     Conjuration                  1
   b - Searing Ray                    Conjuration                  2
   c - Dazzling Spray                 Conjuration/Hexes            3
   d - Fulminant Prism                Conjuration/Hexes            4
   e - Iskenderun's Mystic Blast      Conjuration                  4
   f - Iskenderun's Battlesphere      Conjuration/Charms           5
Comestibles
 n - 3 bread rations


   Skills:
 + Level 0.8 Fighting
 + Level 0.3 Axes
 + Level 2.2 Dodging
 + Level 1.9 Stealth
 + Level 3.0 Spellcasting
 + Level 5.0 Conjurations
 + Level 0.5 Hexes


You had 2 spell levels left.
You knew the following spells:

 Your Spells              Type           Power        Failure   Level  Hunger
a - Magic Dart            Conj           ###.         1%          1    None
b - Dazzling Spray        Conj/Hex       ##......     14%         3    ###....
c - Iskenderun's Mystic   Conj           ###.....     21%         4    ####...


Dungeon Overview and Level Annotations

Branches:
Dungeon (4/15)
 Temple: D:4-7


Innate Abilities, Weirdness & Mutations

You have an increased reservoir of magic (+10% MP).
Your attributes are resistant to harm.


Message History

The puff of frost hits you! You resist.
The orc priest looks braver for a moment.
There is an open door here.
You close the door.
An orc wizard opens the door.
You close the door.
Something unseen opens the door.
The orc wizard casts a spell.
The orc wizard seems to speed up.
The orc wizard hits you with a dagger.
The orc wizard points at you and mumbles some strange words.
The puff of flame hits you!
* * * LOW HITPOINT WARNING * * *
The orc wizard hits you but does no damage.
The orc wizard hits you with a dagger.
* * * LOW HITPOINT WARNING * * *
There is an escape hatch in the ceiling here.
You can't go down here!
The orc wizard casts a spell at you. The magic dart hits you!
You die...

#.................+.)....
#########)#...######...[..#......
#..^......'...............'......
#......##.#......###......#......
#......##.#......###......#######
#......##.####...#......###
#......##o# #...#......#
#......##o# #.oo#......# #
#......##.# #.o@#......### #
####.####.####...#........# #
#>...).....####.....#..## #
####o#.###..###....#_#..# #
#o#..............#...# #
#.######..##....[....# #
#.#.......##....####.#
###'#.#####..#....# #.######
##...)o..o<#..#....# #[......


You could see an orc priest, an orc wizard and an orc.

Vanquished Creatures
  A giant frog skeleton (D:4)
  The ghost of macross the Sneak, a weakling SpAs (D:3)
  6 adders
  4 dart slugs
  6 worms
  5 giant geckos
  3 orcs
  A ball python (D:4)
  7 bats
  4 giant cockroaches
  5 goblins
  4 hobgoblins (D:2)
  6 kobolds
  4 quokkas
  8 giant newts
  A jackal skeleton (D:4)
  13 rats
79 creatures vanquished.

Notes
Turn   | Place    | Note
--------------------------------------------------------------
     0 | D:1      | macross the Demigod Conjurer began the quest for the Orb.
     0 | D:1      | Reached XP level 1. HP: 14/14 MP: 5/5
   370 | D:1      | Reached skill level 4 in Conjurations
   408 | D:1      | Reached XP level 2. HP: 20/20 MP: 4/7
   995 | D:2      | Reached XP level 3. HP: 26/26 MP: 0/8
  1312 | D:1      | Learned a level 3 spell: Dazzling Spray
  1640 | D:3      | Found a faded altar to an unknown god.
  1660 | D:3      | Noticed macross's ghost (weakling SpAs)
  1735 | D:4      | Reached XP level 4. HP: 12/33 MP: 3/10
  2079 | D:4      | Learned a level 4 spell: Iskenderun's Mystic Blast
  2522 | D:4      | Found a shimmering altar of Xom.
  2595 | D:4      | Found a bloodstained altar of Trog.
  3226 | D:3      | Killed macross's ghost
  3405 | D:3      | Found a roughly hewn altar of Beogh.
  3415 | D:3      | HP: 1/34 [orc priest/divine providence (13)]
  3719 | D:2      | Noticed a necrophage
  4345 | D:2      | Reached XP level 5. HP: 34/39 MP: 1/12
  4617 | D:2      | Reached skill level 5 in Conjurations
  5060 | D:3      | Killed from afar by an orc wizard

Vault maps used:
D:1:      evilmike_arrival_plus
D:2:      lightli_corner_chamber
D:3:      ecumenical_altar_1, first_bread, kennysheep_orc_chapel
D:4:      lemuel_round_altar, trog_butcher_becter

Skill      XL: |  1  2  3  4  5 |
---------------+----------------+-----
Conjurations   | 4 5 |  5.0
Spellcasting   | 2 3 |  3.0
Dodging        | 2 |  2.2
Fighting       | |  0.8
Axes           | |  0.3
Stealth        | |  1.9
Hexes          | |  0.5

Action                   |  1- 3 |  4- 6 || total
-------------------------+-------+-------++-------
Melee: Unarmed           |    11 |       ||    11
       War axe           |     8 |    32 ||    40
 Cast: Magic Dart        |    70 |    83 ||   153
       Dazzling Spray    |     6 |     2 ||     8
       Iskenderun's Myst |       |     8 ||     8
  Use: Potion            |     4 |     4 ||     8
       Scroll            |       |     4 ||     4
  Eat: Bread ration      |     2 |     2 ||     4
Armor: Robe              |     7 |    10 ||    17
Dodge: Dodged            |    19 |    36 ||    55
